 Dungeon Crawl Stone Soup version 0.28-a0-1038-g9c4cb8273d (webtiles) character file.

Game seed: 17598301436543733447

58 kae the Chopper (level 4, -5/39 HPs)
             Began as a Hill Orc Fighter on Dec 8, 2021.
             Slain by Sigmund (8 damage)
             ... on level 2 of the Dungeon.
             The game lasted 00:01:19 (741 turns).

kae the Chopper (Hill Orc Fighter)                   Turns: 741, Time: 00:01:20

Health: -5/39      AC:  8    Str: 20    XL:     4   Next: 1%
Magic:  4/4        EV:  9    Int:  8    God:
Gold:   37         SH:  4    Dex: 10    Spells: 3/3 levels left

rFire   . . .      SeeInvis .   a - +0 war axe
rCold   . . .      Faith    .   c - +0 buckler
rNeg    . . .      Spirit   .   b - +0 scale mail
rPois   .          Reflect  .   (no helmet)
rElec   .          Harm     .   f - +0 cloak
rCorr   .          Rampage  .   (no gloves)
Will    .....                   (no boots)
Stlth   ..........              (no amulet)
HPRegen 0.13/turn               (no ring)
MPRegen 0.09/turn               (no ring)

@: mighty
A: no striking features
a: no special abilities


You were on level 2 of the Dungeon.
You visited 1 branch of the dungeon, and saw 2 of its levels.

You collected 37 gold pieces.

Inventory:

Hand Weapons
 a - a +0 war axe (weapon)
Armour
 b - a +0 scale mail (worn)
 c - a +0 buckler (worn)
 f - a +0 cloak (worn)
Potions
 e - 2 potions of curing {unknown}
 g - a potion of attraction {unknown}


   Skills:
 - Level 3.6 Fighting
 + Level 5.5 Axes
 - Level 3.2 Armour
 - Level 3.2 Shields


You had 3 spell levels left.
You didn't know any spells.
Your spell library contained the following spells:

 Spells                   Type           Power      Damage    Failure   Level
 Blade Hands              Tmut           0%         N/A       100%        5
 Irradiate                Conj/Tmut      0%         3d13      100%        5
 Dragon Form              Tmut           0%         N/A       100%        7


Dungeon Overview and Level Annotations

Branches:
Dungeon (2/15)

Altars:

Annotations:
D:2 Sigmund


Message History

Sigmund shouts!
Okay, then.
You aren't carrying any scrolls.
You feel very mighty all of a sudden.
You hit Terence.
Terence is moderately wounded.
Terence hits you but does no damage. Sigmund hits you but does no damage.
You slash Terence!
Terence is heavily wounded.
Terence closely misses you. Terence hits you but does no damage.
You hit Terence but do no damage.
Terence is heavily wounded.
Sigmund mumbles some strange words.
Sigmund flickers and vanishes!
Deactivating autopickup; reactivate with Ctrl-A.
Terence hits you but does no damage. Something hits you.
You hit Terence.
Terence is almost dead.
Terence hits you but does no damage.
You closely miss Terence.
Terence is almost dead.
You block something's attack. Terence hits you with a +0 short sword.
You slash Terence!
You kill Terence!
You hear some strange, mumbled words.
Something tries to affect you, but you resist.
Your Axes skill increases to level 5!
You have reached level 4!
Found 23 stones.
Something hits you.
Things that are here:
a +0 short sword; a +0 scale mail You barely miss something.
Something hits you.
You miss something. Something hits you.
You miss something. You closely miss something. Something hits you!
* * * LOW HITPOINT WARNING * * *
You slash something! Something hits you.
* * * LOW HITPOINT WARNING * * *
You closely miss something. Something hits you!
You die...

.. . ...# .### ....# ( ...
....+ #. ... #.####....#
##.#.. .....######.##.....
...... #.>.{@.........#
#.##.###########...##.#.#
#..............#.##...#.# #
#..#.#########.#.####...#
#.#..#.###....#..#.####...#
#.#..#.....#.....#.##...#.#
#.#........#..#..#.##.#.#.#
#..†####......#..#.##.###.#
....##.....####..#.##.# #


There were no monsters in sight!

Vanquished Creatures
  Terence (D:2)
  A dart slug (D:1)
  4 ball pythons
  2 bats (D:1)
  4 giant cockroaches (D:1)
  6 goblins (D:1)
  A hobgoblin (D:1)
  A quokka (D:1)
  2 frilled lizards (D:1)
  2 kobolds (D:1)
  A rat (D:1)
25 creatures vanquished.

Notes
Turn   | Place    | Note
-------+----------+-------------------------------------------
     0 | D:1      | kae the Hill Orc Fighter began the quest for the Orb.
     0 | D:1      | Reached XP level 1. HP: 19/19 MP: 1/1
    11 | D:1      | Reached skill level 3 in Axes
    30 | D:1      | Found a faded altar of an unknown god.
   134 | D:1      | Reached XP level 2. HP: 26/26 MP: 2/2
   147 | D:1      | Reached skill level 4 in Axes
   348 | D:1      | Reached XP level 3. HP: 30/31 MP: 3/3
   725 | D:2      | Noticed Terence
   726 | D:2      | Noticed Sigmund
   734 | D:2      | Killed Terence
   735 | D:2      | Reached skill level 5 in Axes
   735 | D:2      | Reached XP level 4. HP: 30/39 MP: 4/4
   741 | D:2      | Slain by Sigmund

Illustrated notes

Levels and vault maps discovered:
D:1:      minmay_arrival_stone_box, layout_rooms, ebering_ecumenical_altar_hall
D:2:      kennysheep_the_goblin_king, layout_basic, basic_altar, uniq_sigmund,
          uniq_terence

Skill      XL: |  1  2  3 |
---------------+----------+-----
Axes           | 3 4 5 |  5.5
Fighting       | |  3.6
Armour         | |  3.2
Shields        | |  3.2

Action                   |  1- 3 |  4- 6 || total
-------------------------+-------+-------++-------
Melee: War axe           |    65 |     6 ||    71
  Use: Potion            |     1 |       ||     1
Armor: Scale mail        |    44 |       ||    44
Dodge: Dodged            |    25 |       ||    25
Block: Buckler           |    20 |       ||    20

Table legend: (Time is in decaauts)
 A = Elapsed time spent in this place.
 B = Non-inter-level travel time spent in this place.
 C = Inter-level travel time spent in this place.
 D = Time resting spent in this place.
 E = Time spent auto-exploring this place.
 F = Levels seen in this place.
 G = Mean time per level.
                   A        B        C        D        E       F      G
               +--------+--------+--------+--------+--------+-----+--------+
         Total |    762 |    724 |     38 |      0 |    541 |   2 |  381.0 |
       Dungeon |    762 |    724 |     38 |      0 |    541 |   2 |  381.0 |
               +--------+--------+--------+--------+--------+-----+--------+

Top non-repeatable levels by time:
     D:1: 629 daAuts
     D:2: 133 daAuts
